 Dungeon Crawl Stone Soup version 0.27-a0-328-g7f782ed93a (webtiles) character file.

Game seed: 12519246445851493922

137 DavidChitty2 the Chopper (level 5, -5/47 HPs)
             Began as a Hill Orc Abyssal Knight on Feb 11, 2021.
             Was a Follower of Lugonu.
             Killed by divine providence
             ... invoked by an orc priest
              (15 damage)
             ... on level 3 of the Dungeon.
             The game lasted 00:05:37 (3432 turns).

DavidChitty2 the Chopper (Hill Orc Abyssal Knight)  Turns: 3432, Time: 00:05:38

Health: -5/47      AC:  8    Str: 16    XL:     5   Next: 20%
Magic:  7/7        EV:  9    Int: 12    God:    Lugonu [*.....]
Gold:   142        SH:  0    Dex: 10    Spells: 4/4 levels left

rFire    . . .     SeeInvis .   a - +1 hand axe
rCold    . . .     Faith    .   (no shield)
rNeg     . . .     Spirit   .   o - +0 scale mail
rPois    .         Reflect  .   (no helmet)
rElec    .         Harm     .   n - +0 cloak
rCorr    .         Rampage  .   (no gloves)
Will     .....                  (no boots)
Stlth    ..........             (no amulet)
HPRegen  0.15/turn              (no ring)
MPRegen  0.10/turn              (no ring)

@: no status effects
A: no striking features
a: Renounce Religion, Convert to Beogh, Depart the Abyss


You were on level 3 of the Dungeon.
You worshipped Lugonu.
Lugonu was aware of your devotion.
You visited 1 branch of the dungeon, and saw 3 of its levels.
You visited the Abyss 1 time.

You collected 142 gold pieces.

Inventory:

Hand Weapons
 a - a +1 hand axe (weapon)
 b - a +0 flail
   (You took it off Terence on level 2 of the Dungeon)
Missiles
 e - 155 stones (quivered)
Armour
 n - a +0 cloak (worn)
   (You found it on level 1 of the Dungeon)
 o - a +0 scale mail (worn)
   (You took it off Terence on level 2 of the Dungeon)
Jewellery
 l - a +6 ring of intelligence {unknown}
   (You found it on level 2 of the Dungeon)
Wands
 t - a wand of flame (20)
   (You found it on level 3 of the Abyss)
Scrolls
 c - a scroll of enchant weapon {unknown}
 h - a scroll of immolation {unknown}
 i - 2 scrolls of teleportation {unknown}
 j - a scroll of identify {@r1}
 k - a scroll of amnesia {unknown}
Potions
 d - 2 potions of resistance
 f - 4 potions of heal wounds {@q2}
 g - a potion of flight
 m - a potion of curing {unknown}


   Skills:
 + Level 4.4 Fighting
 * Level 4.8 Axes
 + Level 3.2 Armour
 - Level 0.7 Dodging
 + Level 3.6 Invocations


You had 4 spell levels left.
You didn't know any spells.
Your spell library contained the following spells:

 Spells                   Type           Power        Failure   Level
 Confusing Touch          Hex            0%           98%         3
 Gell's Gravitas          Tloc           0%           98%         3
 Petrify                  Tmut/Erth      0%           100%        4
 Metabolic Englaciation   Hex/Ice        0%           100%        5
 Yara's Violent Unravell  Hex/Tmut       0%           100%        5


Dungeon Overview and Level Annotations

Branches:
Dungeon (3/15)

Altars:
Okawaru


Message History

There is a stone staircase leading up, spattered with blood here.
What are your orders? t - Shout!
Orders for allies: a - Attack new target. r - Retreat! s - Stop attacking. g - Guard the area. f - Follow me.
Anything else - Cancel.
You shout for attention!
You see here a leopard gecko skeleton.
There is a stone staircase leading up, spattered with blood here.
The orc wizard gestures at you while chanting.
You resist with some effort.
The orc priest shouts, "Join the one true god or die!"
There is a stone staircase leading up here.
The orc wizard gestures at itself while chanting.
The orc wizard flickers and vanishes!
Deactivating autopickup; reactivate with Ctrl-A.
There is a stone staircase leading up here.
You climb upwards.
Reactivating autopickup.
There is a stone staircase leading down here.
You start waiting.
Done waiting.
You climb downwards.
There is a stone staircase leading up here.
The orc wizard hits you but does no damage.
You hit the orc wizard but do no damage.
The orc wizard hits you but does no damage.
You completely miss the orc wizard.
The orc wizard hits you with a +0 dagger.
You hit the orc wizard but do no damage.
The orc wizard points at itself and mumbles some strange words.
The orc wizard flickers and vanishes!
Deactivating autopickup; reactivate with Ctrl-A.
The orc priest invokes the aid of Beogh against you.
Pain shoots through your body!
The orc priest shouts, "Surrender to Beogh and we'll let you live!"
You hit the orc priest but do no damage.
You closely miss something.
The orc priest calls down the wrath of Beogh upon you.
Pain shoots through your body!
* * * LOW HITPOINT WARNING * * *
Something hits you but does no damage.
The orc priest calls down the wrath of Beogh upon you.
Pain shoots through your body!
* * * LOW HITPOINT WARNING * * *
Something hits you but does no damage.
The orc priest mumbles some strange prayers to Beogh against you.
Beogh smites you!
You die...

#.........#....#
#.........#....#
#..............#
+..............' #.#
#..$#... #.# #...#..
#.# #...#.# #.# #...#.#
#######.####..o.@#..#
.......().............#
###.###.######........#
#.....#############<#
+............. #
##.........###
#.........# #........>#
#.......w.#


You could see an orc priest.

Vanquished Creatures
  An orc priest (D:3)
  Terence (D:2)
  2 adders (D:2)
  3 worms
  A dart slug (D:2)
  2 leopard geckos
  2 orcs (D:3)
  3 bats
  7 hobgoblins
  3 jackals (D:1)
  6 kobolds
  3 quokkas (D:2)
  3 frilled lizards
  8 goblins
  6 rats
51 creatures vanquished.

Notes
Turn   | Place    | Note
-------+----------+-------------------------------------------
     0 | Abyss:1  | DavidChitty2 the Hill Orc Abyssal Knight began the quest
                  | for the Orb.
     0 | Abyss:1  | Reached XP level 1. HP: 19/19 MP: 2/2
     7 | Abyss:2  | Found a corrupted altar of Lugonu.
    61 | Abyss:3  | Noticed a thrashing horror
    61 | Abyss:3  | Noticed a thrashing horror
    62 | Abyss:3  | Noticed a thrashing horror
    66 | Abyss:3  | Noticed a bone dragon
    70 | D:1      | Escaped the Abyss
   691 | D:1      | Reached XP level 2. HP: 27/27 MP: 3/3
   856 | D:1      | Reached * piety under Lugonu
  1546 | D:2      | Reached XP level 3. HP: 27/33 MP: 5/5
  2470 | D:2      | Reached XP level 4. HP: 40/40 MP: 6/6
  2506 | D:2      | Found an iron altar of Okawaru.
  2735 | D:3      | Noticed Terence
  2769 | D:2      | Killed Terence
  3151 | D:3      | Reached XP level 5. HP: 22/47 MP: 7/7
  3432 | D:3      | Killed from afar by an orc priest

Illustrated notes

Levels and vault maps discovered:
D:1:      roderic_chinese_lattice_arrival, layout_basic
D:2:      layout_basic, minmay_tree_intersection, okawaru_altar_gauntlet_db
D:3:      layout_basic, minmay_cut_off, uniq_terence

Skill      XL: |  1  2  3  4 |
---------------+-------------+-----
Axes           | 3 4 |  4.8
Fighting       | 4 |  4.4
Invocations    | 3 |  3.6
Armour         | 3 |  3.2
Dodging        | |  0.7

Action                   |  1- 3 |  4- 6 || total
-------------------------+-------+-------++-------
Melee: Hand axe          |   115 |   105 ||   220
Invok: Depart the Abyss  |     1 |       ||     1
  Use: Scroll            |     3 |       ||     3
Armor: Ring mail         |    37 |    17 ||    54
       Leather armour    |     4 |       ||     4
       Scale mail        |       |    13 ||    13
Dodge: Dodged            |    64 |    51 ||   115

Table legend: (Time is in decaauts)
 A = Elapsed time spent in this place.
 B = Non-inter-level travel time spent in this place.
 C = Inter-level travel time spent in this place.
 D = Time resting spent in this place.
 E = Time spent auto-exploring this place.
 F = Levels seen in this place.
 G = Mean time per level.
                   A        B        C        D        E       F      G
               +--------+--------+--------+--------+--------+-----+--------+
         Total |   3457 |   3301 |    156 |   1112 |   1649 |   6 |  576.2 |
       Dungeon |   3388 |   3232 |    156 |   1112 |   1624 |   3 | 1129.3 |
         Abyss |     69 |     69 |      0 |      0 |     25 |   3 |   23.0 |
               +--------+--------+--------+--------+--------+-----+--------+

Top non-repeatable levels by time:
     D:2: 1650 daAuts
     D:1: 1432 daAuts
     D:3: 305 daAuts
 Abyss:3: 59 daAuts
 Abyss:1: 7 daAuts
 Abyss:2: 2 daAuts
